 Dungeon Crawl Stone Soup version 0.26.1-11-gd32895ea62 (webtiles) character file.

Game seed: 11809053219780258572

1152 Zeld the Geomancer (level 8, -11/41 HPs)
             Began as a Gargoyle Earth Elementalist on June 6, 2021.
             Was a Follower of Sif Muna.
             Mangled by an ice beast (13 damage)
             ... on level 7 of the Dungeon.
             The game lasted 00:07:38 (7132 turns).

Zeld the Geomancer (Gargoyle Earth Elementalist)    Turns: 7132, Time: 00:07:38

Health: -11/41     AC:  9    Str: 13    XL:     8   Next: 38%
Magic:  1/14       EV: 13    Int: 17    God:    Sif Muna [*.....]
Gold:   368        SH:  0    Dex: 10    Spells: 1/16 levels left

rFire    . . .     SeeInvis .   (no weapon)
rCold    . . .     Faith    .   (no shield)
rNeg     + . .     Spirit   .   v - +2 robe {Will+}
rPois    ∞         Reflect  .   (no helmet)
rElec    +         Harm     .   (no cloak)
rCorr    .         Rampage  .   (no gloves)
Will     +....                  (no boots)
Stlth    ++........             (no amulet)
HPRegen  0.13/turn              (no ring)
MPRegen  0.14/turn              (no ring)

@: about to teleport, invisible
A: negative energy resistance 1, electricity resistance, unbreathing,
petrification resistance, miasma immunity, AC +5
a: Renounce Religion, Channel Magic


You were on level 7 of the Dungeon.
You worshipped Sif Muna.
Sif Muna was aware of your devotion.
You visited 2 branches of the dungeon, and saw 8 of its levels.

You collected 368 gold pieces.

Inventory:

Hand Weapons
 a - a +0 quarterstaff
Missiles
 b - 89 stones (quivered)
Armour
 v - a +2 robe of willpower (worn)
Jewellery
 i - an uncursed ring of protection from cold
Scrolls
 c - a scroll of enchant weapon
 j - 4 scrolls of remove curse
 l - 2 scrolls of teleportation
 n - a scroll of enchant armour {unknown}
Potions
 d - a potion of invisibility
 g - a potion of haste {unknown}
 h - a potion of cancellation {unknown}
 k - a potion of ambrosia {unknown}
 m - a potion of curing {unknown}
 o - a potion of might {unknown}
 p - a potion of degeneration {unknown}
 q - a potion of mutation {unknown}
 s - 2 potions of lignification {unknown}
 w - a potion of heal wounds {unknown}


   Skills:
 + Level 4.1 Dodging
 - Level 2.1 Stealth
 + Level 4.6 Spellcasting
 - Level 0.7 Transmutations
 * Level 8.7 Earth Magic
 * Level 2.6 Invocations


You had one spell level left.
You knew the following spells:

 Your Spells              Type           Power        Failure   Level
a - Sandblast             Erth           66%          1%          1
b - Passwall              Tmut/Erth      15%          3%          2
c - Stone Arrow           Conj/Erth      36%          8%          3
d - Petrify               Tmut/Erth      19%          22%         4
e - Lee's Rapid Deconstr  Erth           16%          12%         5

Your spell library contained the following spells:

 Spells                   Type           Power        Failure   Level
 Corona                   Hex            3%           16%         1
 Shock                    Conj/Air       12%          16%         1
 Ensorcelled Hibernation  Hex/Ice        6%           22%         2
 Swiftness                Air            3%           22%         2
 Confusing Touch          Hex            3%           41%         3
 Dazzling Flash           Conj/Hex       6%           41%         3
 Static Discharge         Conj/Air       3%           41%         3
 Tukima's Dance           Hex            3%           41%         3
 Airstrike                Air            1%           83%         4
 Lightning Bolt           Conj/Air       1%           99%         5


Dungeon Overview and Level Annotations

Branches:
Dungeon (7/15)             Temple (1/1) D:5

Altars:
Ashenzari
Dithmenos
Elyvilon
Fedhas
Gozag
Hepliaklqana
Kikubaaqudgha
Makhleb
Nemelex Xobeh
Okawaru
Qazlal
Ru
Sif Muna
Uskayaw
Wu Jian
Xom
Yredelemnul
Zin
The Shining One

Portals:
Abyss: D:3

Annotations:
D:3 2 transporters, promet's ghost, amateur SpWr


Innate Abilities, Weirdness & Mutations

You are resistant to torment.
Your stone body is resilient. (AC +5)
You are immune to poison.
You resist negative energy. (rN+)
You are resistant to electric shocks. (rElec)
You can survive without breathing.
You are immune to petrification.
You are immune to miasma.


Message History

The blast of sand hits the killer bee!
You kill the killer bee!
Sif Muna accepts your kill.
b - 89 stones The centaur zombie closely misses you.
The bullfrog closely misses you.
Unknown command.
Casting: Sandblast (safe; 1% risk of failure)
Confirm with . or Enter, or press ? or * to list all spells.
You don't have enough magic to cast that spell.
Unknown command.
As you read the scroll of teleportation, it crumbles to dust.
You feel strangely unstable.
The bullfrog hits you but does no damage.
Unknown command.
It was a potion of invisibility.
You fade into invisibility!
The bullfrog barely misses you. The ice beast hits you.
* * * LOW HITPOINT WARNING * * *
The ice beast freezes you!
You die...

* *,*,,,,,,,* *...........# ****
*,,,,,,,,,* *...........#
,,,****,,,,,,,,* *...........#
,,,,,,,,,***+*,* *...........##
,,,,,,,,,*,,,*,* *#.##.#.......
,,,,,,,,,*,*,*,* #.##.##.#$###
,,,,,,,,,*,*,*,* #.##....#.###
,,,,,,,,,*,*,*,######.##.........
,,,,,,,,,*,*,*,#@FFFZ....).......
,,,,,,,,<,,#,*,##Y##.............
,,,,,,,,,,.#.#,#...+.............
,***,,,,,,.....#.!##.............
,*,,,,,,,,.#.....###F....$.......
,,,,,,,,,,.....(†F.....#.........
,,,,,,,,,,.......#############.##
,,,,,,,,,,.......+,,,,,,,,,,,*.#
,,,,,,,,,,.F.....***********,*,*


You could see an ice beast, 3 bullfrogs and a centaur zombie.

Vanquished Creatures
  The ghost of Eryximachus the Caller, an amateur DESu (D:3)
  A sky beast (D:6)
  A centaur (D:6)
  3 bullfrogs (D:6)
  6 killer bees (D:7)
  A jelly (D:2)
  An orc priest (D:6)
  Jessica (D:3)
  5 worker ants
  7 gnolls
  7 adders
  A shadow imp (D:6)
  An adder zombie (D:6)
  A worm (D:2)
  A leopard gecko (D:2)
  9 orcs
  4 giant cockroaches
  6 goblins
  4 hobgoblins
  A quokka (D:2)
  8 bats
  5 frilled lizards (D:2)
  5 kobolds
  6 rats
86 creatures vanquished.

Notes
Turn   | Place    | Note
-------+----------+-------------------------------------------
     0 | D:1      | Zeld the Gargoyle Earth Elementalist began the quest for
                  | the Orb.
     0 | D:1      | Reached XP level 1. HP: 10/10 MP: 3/3
   232 | D:1      | Reached XP level 2. HP: 14/15 MP: 1/5
   235 | D:1      | Learned a level 2 spell: Passwall
   323 | D:1      | Reached skill level 4 in Earth Magic
   990 | D:2      | Found a broken altar of Ashenzari.
  1158 | D:2      | Reached XP level 3. HP: 19/19 MP: 4/6
  1162 | D:2      | Learned a level 3 spell: Stone Arrow
  1248 | D:2      | Reached XP level 4. HP: 24/24 MP: 3/7
  1409 | D:2      | Reached skill level 5 in Earth Magic
  1907 | D:3      | Found a blossoming altar of Fedhas.
  1945 | D:3      | Found a transporter.
  2037 | D:3      | Found a transporter.
  2037 | D:3      | Found a one-way gate to the infinite horrors of the Abyss.
  2037 | D:3      | Noticed a big kobold
  2043 | D:3      | Noticed promet's ghost (amateur SpWr)
  2081 | D:3      | Found an iron altar of Okawaru.
  2116 | D:3      | Noticed Jessica
  2119 | D:3      | Killed Jessica
  2120 | D:3      | Reached XP level 5. HP: 28/28 MP: 6/9
  2454 | D:3      | Found a glowing silver altar of Zin.
  2455 | D:3      | Found a stormy altar of Qazlal.
  2671 | D:4      | Found a runed translucent door.
  2671 | D:4      | Noticed Eryximachus's ghost (amateur DESu)
  3030 | D:4      | Learned a level 4 spell: Petrify
  3828 | D:3      | Killed Eryximachus's ghost
  3829 | D:3      | Reached skill level 6 in Earth Magic
  3829 | D:3      | Reached XP level 6. HP: 32/32 MP: 5/11
  4013 | D:5      | Entered Level 5 of the Dungeon
  4345 | D:5      | Found a staircase to the Ecumenical Temple.
  4356 | Temple   | Entered the Ecumenical Temple
  4502 | Temple   | Became a worshipper of Sif Muna the Loreminder
  4907 | D:5      | Found a burning altar of Makhleb.
  5553 | D:6      | Reached skill level 7 in Earth Magic
  5553 | D:6      | Reached XP level 7. HP: 34/36 MP: 7/12
  5891 | D:6      | Reached * piety under Sif Muna
  5897 | D:6      | Reached skill level 8 in Earth Magic
  6777 | D:6      | Reached skill level 1 in Invocations
  6777 | D:6      | Reached XP level 8. HP: 15/41 MP: 4/14
  6986 | D:6      | Learned a level 5 spell: Lee's Rapid Deconstruction
  7132 | D:7      | HP: 2/41 [ice beast (2)]
  7132 | D:7      | Mangled by an ice beast

Illustrated notes

Levels and vault maps discovered:
D:1:      minmay_arrival_diagonal_passages, layout_basic
D:2:      layout_basic, nicolae_ashenzari_panopticon, kennysheep_cross_room,
          grunt_ministairs_7
D:3:      layout_loops_ring, okawaru_gym_becter,
          gammafunk_temple_overflow_statue, marbit_many_paths,
          gammafunk_ghost_abyssal_escape, uniq_jessica
D:4:      layout_basic, hellmonk_ghost_happy_afterlife, serial_bayou_crossing
D:5:      layout_basic, nicolae_overflow_crystal_walls, minmay_temple_entry_tees
D:6:      layout_basic
D:7:      layout_basic, lemuel_round_altar, enter_bailey_2,
          nicolae_ossuary_entry_monument
Temple:   nicolae_temple_figure_eight

Skill      XL: |  1  2  3  4  5  6  7  8 |
---------------+-------------------------+-----
Earth Magic    | 4 5 6 7 8 |  8.7
Dodging        | 2 3 4 |  4.1
Spellcasting   | 3 4 |  4.6
Invocations    | 1 2 |  2.6
Stealth        | |  2.1
Transmutations | |  0.7

Action                   |  1- 3 |  4- 6 |  7- 9 || total
-------------------------+-------+-------+-------++-------
Melee: Unarmed           |     3 |    10 |    23 ||    36
 Cast: Sandblast         |    35 |    66 |    39 ||   140
       Stone Arrow       |       |       |     3 ||     3
       Lee's Rapid Decon |       |       |     3 ||     3
       Passwall          |       |       |     1 ||     1
  Use: Scroll            |       |       |    10 ||    10
       Potion            |       |       |     1 ||     1
Armor: Robe              |     3 |    19 |    26 ||    48
Dodge: Dodged            |     8 |    25 |    51 ||    84
